 Dungeon Crawl Stone Soup version 0.14-a0-770-g009d3a2 (webtiles) character file.

167 Daniel the Slasher (level 4, 0/31 HPs)
             Began as a High Elf Gladiator on Nov 9, 2013.
             Slain by a kobold
             ... wielding a +0,+1 short sword of distortion
              (15 damage)
             ... on Level 3 of the Dungeon.
             The game lasted 00:08:19 (1846 turns).

Daniel the Slasher (High Elf Gladiator)             Turns: 1846, Time: 00:08:19

HP   0/31        AC  6     Str 14      XL: 4   Next: 25%
MP   6/6         EV 10     Int 11      God:
Gold 82          SH  0     Dex 17      Spells:  0 memorised,  3 levels left

Res.Fire  : . . .   See Invis. : +   a - +0 elf falchion
Res.Cold  : . . .   Warding    : .   q - +0 elf ring mail
Life Prot.: . . .   Conserve   : .   (no shield)
Res.Poison: .       Res.Corr.  : .   c - +0 helmet
Res.Elec. : .       Clarity    : .   (no cloak)
Sust.Abil.: . .     Spirit.Shd : .   (no gloves)
Res.Mut.  : .       Stasis     : .   (no boots)
Res.Rott. : .       Flight     : .   (no amulet)
Saprovore : . . .                    (no ring)
                                     E - ring of see invisible

@: slightly resistant to hostile enchantments, very unstealthy
A: no striking features
a: no special abilities


You were on level 3 of the Dungeon.
You were not hungry.

You visited 1 branch of the dungeon, and saw 3 of its levels.

You collected 82 gold pieces.

Inventory:

Hand weapons
 a - a +0,+0 elven falchion (weapon)
 w - a +0,+0 dagger
Missiles
 d - 2 throwing nets (quivered)
 n - 24 poisoned needles
 r - 15 darts
 A - a throwing net [frayed]
Armour
 b - a +0 elven leather armour
 c - a +0 helmet (worn)
 q - a +0 elven ring mail (worn)
Magical devices
 y - a wand of heal wounds (0)
Comestibles
 f - 3 bread rations
 j - an apple
 l - a choko
 s - 2 pears
 x - a beef jerky
Scrolls
 e - a scroll of magic mapping
 i - a scroll of teleportation
 m - a scroll of fear {unknown}
 D - 3 scrolls of remove curse {unknown}
Jewellery
 E - a ring of see invisible (left hand)
Potions
 g - a potion of cure mutation
 h - 2 potions of invisibility {unknown}
 k - a potion of heal wounds
 p - 2 potions of flight {unknown}
 t - a potion of mutation {unknown}
 v - a potion of restore abilities {unknown}
 z - 2 potions of curing {unknown}
 C - a potion of confusion {unknown}


   Skills:
 + Level 3.0 Fighting
 * Level 5.4 Long Blades
 - Level 2.1 Throwing
 - Level 3.2 Dodging


You had 3 spell levels left.
You didn't know any spells.

Dungeon Overview and Level Annotations

Branches:
Dungeon (3/27)

Altars:
Fedhas
Nemelex Xobeh
Sif Muna
Trog


Message History

You slash the giant cockroach!
You kill the giant cockroach!
No target in view!
No target in view!
Found a scroll labeled NYLOLIF VITITUHO.
m - a scroll labeled NYLOLIF VITITUHO A kobold comes into view.
It is wielding a runed short sword.
The kobold shouts!
The kobold throws a dart.
The dart hits you!
The kobold throws a dart.
The dart misses you.
You see here a dart.
A rat comes into view.
You hit the kobold.
The kobold is heavily wounded.
The kobold hits you with a runed short sword.
Space warps horribly around you!
You hit the kobold.
The kobold is severely wounded.
The kobold hits you but does no damage. Space warps horribly around you!
You die... ∙∙∙∙∙∙∙▒ ∙∙▒ ∙∙∙∙∙∙∙▒▒▒▒ ∙∙▒▒ ∙∙∙∙∙∙∙∙∙∙∙ ∙∙∙∙∙ ∙∙∙∙∙∙∙∙∙∙∙ ∙∙∙∙∙∙ ∙∙∙▒▒▒▒▒▒▒▒ ∙∙∙∙∙∙∙ ▒▒∙▒▒▒▒▒▒▒▒▒▒▒▒▒▒∙∙∙∙∙∙∙ ▒▒∙∙∙∙∙∙∙∙∙∙∙∙∙∙∙∙∙∙∙r∙∙ ∙∙∙∙∙∙∙∙∙∙∙∙∙∙∙∙∙∙∙∙∙∙∙∙∙ ∙∙∙∙∙∙∙∙∙∙∙∙∙∙(∙@K∙∙∙∙∙∙∙

▒▒▒▒∙∙▒▒▒▒▒▒▒▒▒∙∙▒▒▒▒▒▒▒▒
▒∙∙▒ ▒∙∙▒ ▒∙∙▒ ▒∙∙▒ ▒∙∙▒
▒∙∙▒ ▒∙∙▒ ▒∙∙∙ ▒▒▒▒ ▒▒▒▒▒


You could see a kobold and a rat.

Vanquished Creatures
  Terence (D:2)
  2 adders (D:2)
  A giant mite (D:2)
  8 bats
  6 giant cockroaches
  4 goblins
  2 hobgoblins
  7 jackals (D:3)
  5 kobolds
  A ball python (D:2)
  4 giant newts
  13 rats
54 creatures vanquished.

Notes
Turn   | Place    | Note
--------------------------------------------------------------
     0 | D:1      | Daniel, the High Elf Gladiator, began the quest for the Orb.
     0 | D:1      | Reached XP level 1. HP: 15/15 MP: 1/1
   178 | D:1      | Reached skill level 4 in Long Blades
   211 | D:1      | Reached XP level 2. HP: 20/20 MP: 2/2
   784 | D:2      | Noticed Terence
   839 | D:2      | Killed Terence
   839 | D:2      | Reached XP level 3. HP: 25/25 MP: 4/4
   912 | D:2      | Found a deep blue altar of Sif Muna.
  1031 | D:2      | Reached skill level 5 in Long Blades
  1330 | D:2      | Found a bloodstained altar of Trog.
  1458 | D:2      | Found a sparkling altar of Nemelex Xobeh.
  1483 | D:2      | Reached XP level 4. HP: 20/31 MP: 6/6
  1696 | D:3      | Found a blossoming altar of Fedhas.
  1846 | D:3      | Slain by a kobold

Action                   |  1- 3 |  4- 6 || total
-------------------------+-------+-------++-------
Melee: Falchion          |   181 |    43 ||   224
Throw: Throwing net      |     3 |       ||     3
       Dart              |     1 |       ||     1
  Use: Potion            |     2 |       ||     2
       Scroll            |     7 |     1 ||     8
